 Dungeon Crawl Stone Soup version 0.27.1-1-g398f81649c (webtiles) character file.

Game seed: 18025938315372651980

18 nxtlvl the Ruffian (level 2, 0/29 HPs)
             Began as a Troll Abyssal Knight on Sept 6, 2021.
             Was a Believer of Lugonu.
             Slain by an orc (19 damage)
             ... on level 3 of the Dungeon.
             The game lasted 00:01:57 (328 turns).

nxtlvl the Ruffian (Troll Abyssal Knight)            Turns: 328, Time: 00:01:58

Health: 0/29       AC:  4    Str: 19    XL:     2   Next: 51%
Magic:  2/2        EV:  9    Int:  8    God:    Lugonu [**....]
Gold:   94         SH:  0    Dex:  9    Spells: 1/1 levels left

rFire    . . .     SeeInvis .     - Unarmed
rCold    . . .     Faith    .   (no shield)
rNeg     . . .     Spirit   .   a - +0 robe
rPois    .         Reflect  .   (helmet restricted)
rElec    .         Harm     .   (no cloak)
rCorr    .         Rampage  .   (gloves unavailable)
Will     .....                  (boots unavailable)
Stlth    +.........             (no amulet)
HPRegen  1.09/turn              (no ring)
MPRegen  0.08/turn              (no ring)

@: no status effects
A: large, unfitting armour, claws 3, regeneration 1, shaggy fur 1, tough skin 1
a: Renounce Religion, Depart the Abyss, Bend Space


You were on level 3 of the Dungeon.
You worshipped Lugonu.
Lugonu was pleased with you.
You visited 1 branch of the dungeon, and saw 3 of its levels.
You visited the Abyss 1 time.

You collected 94 gold pieces.

Inventory:

Armour
 a - a +0 robe (worn)
Scrolls
 b - a scroll of identify {unknown}
 c - a scroll of fog {unknown}
 d - a scroll of amnesia {unknown}
 f - a scroll of blinking {unknown}
Potions
 e - a potion of degeneration {unknown}


   Skills:
 - Level 2.4 Fighting
 - Level 1.9 Dodging
 * Level 3.2 Unarmed Combat
 - Level 1.5 Invocations


You had one spell level left.
You didn't know any spells.
Your spell library was empty.

Dungeon Overview and Level Annotations

Branches:
Dungeon (3/15)

Altars:


Innate Abilities, Weirdness & Mutations

You are too large for most types of armour.
You have claws for hands.
Your natural rate of healing is unusually fast.
You are covered in fur. (AC +1)
You have tough skin. (AC +1)


Message History

You claw the quokka!
You kill the quokka!
Lugonu accepts your kill.
You now have 79 gold pieces (gained 11).
You now have 94 gold pieces (gained 15).
There is an escape hatch in the floor here.
You slide downwards.
The hatch slams shut behind you.
The frilled lizard hisses angrily.
The giant cockroach bites you but does no damage.
The frilled lizard bites you but does no damage.
You scratch the giant cockroach.
The giant cockroach is almost dead.
The giant cockroach bites you.
The frilled lizard bites you but does no damage.
You claw the giant cockroach!
You kill the giant cockroach!
Lugonu accepts your kill.
You can now bend space around yourself.
You closely miss the frilled lizard. The frilled lizard barely misses you.
You closely miss the frilled lizard.
The frilled lizard bites you but does no damage.
You barely miss the frilled lizard. The frilled lizard closely misses you.
You claw the frilled lizard!
You kill the frilled lizard!
Lugonu accepts your kill.
A frilled lizard and an orc come into view.
The orc is wielding a +2 hand axe of electrocution.
The frilled lizard hisses angrily.
You hear a shout! x2
You closely miss the orc. The orc barely misses you.
You closely miss the orc.
The orc hits you with a +2 hand axe of electrocution.
An orc comes into view. It is wielding a +0 short sword.
You scratch the orc.
The orc is heavily wounded.
The orc misses you.
You barely miss the orc.
The orc is heavily wounded.
The orc hits you with a +2 hand axe of electrocution.
You are electrocuted!!
Ouch! That really hurt!
You die...

### ..# ##.## ...
... ... #.# ###.#
##.## ...# ##.#@#
..###.###o# #
#.##.#####l#
#.###.#.#.....#o.
#......†..###..#.#
#.###.....# ... #
#####.# ### ...
####


You could see 2 orcs and a frilled lizard.

Vanquished Creatures
  2 bats (D:2)
  3 endoplasms
  A giant cockroach (D:3)
  A goblin (D:1)
  3 hobgoblins (D:2)
  A quokka (D:2)
  A ball python (D:1)
  2 frilled lizards
  3 rats
17 creatures vanquished.

Notes
Turn   | Place    | Note
-------+----------+-------------------------------------------
     0 | Abyss:1  | nxtlvl the Troll Abyssal Knight began the quest for the
                  | Orb.
     0 | Abyss:1  | Reached XP level 1. HP: 22/22 MP: 1/1
    49 | D:1      | Escaped the Abyss
   150 | D:2      | Reached XP level 2. HP: 29/29 MP: 2/2
   164 | D:2      | Reached skill level 3 in Unarmed Combat
   314 | D:3      | Reached ** piety under Lugonu
   328 | D:3      | Slain by an orc

Illustrated notes

Levels and vault maps discovered:
D:1:      psy_arrival_radial01, layout_basic, corexii_hall_statues_l
D:2:      layout_rooms, shapermc_ecumenical_altar_petra, serial_forest,
          infiniplex_forest_lined_3, infiniplex_forest_clump_medium,
          infiniplex_forest_straight_2, infiniplex_forest_lined_room_,
          infiniplex_forest_lined_2, uniq_natasha
D:3:      layout_loops_ring, nicolae_dithmenos_the_darkroom, uniq_ijyb

Skill      XL: |  1  2 |
---------------+-------+-----
Unarmed Combat | 3 |  3.2
Fighting       | |  2.4
Dodging        | |  1.9
Invocations    | |  1.5

Action                   || total
-------------------------++-------
Melee: Unarmed           ||    47
 Stab: Sleeping          ||     1
Armor: Robe              ||    19
Dodge: Dodged            ||    15
